AoeStats
← [PSCH] R!ce

Arabia

510358570Analyzed
2v2 RM · 1d ago on Sep 30, 2026· 41m 19s· 4 players
Game mode
Random Map
Map size
Medium (4 player)
Population
200
Speed
Normal
Resources
Standard
Victory
Conquest
Starting age
Dark Age
Ending age
Imperial Age
RankedLock teamsTeams togetherTeam positionsShared explorationLock speedFull tech treeHidden civsTurbo modeCheats
Victory
Defeat
🇬🇧 Burgundians · United Kingdom
1447
+14
🇦🇷 Turks · Argentina
1438
+15
🇨🇭 Sicilians · Switzerland
1453
-16
🇨🇭 Franks · Switzerland
1374
-13
ELBIO
6:48 Loom
9:16 Feudal Age
9:55 Double-Bit Axe
14:22 Horse Collar
23:55 Castle Age
22:27 Bloodlines
25:11 Scale Barding Armor
25:07 Gold Mining
26:27 Bow Saw
26:36 Forging
26:39 Husbandry
31:23 Heavy Plow
32:40 Wheelbarrow
33:23 Iron Casting
36:19 Chain Barding Armor
39:16 Hand Cart
41:37 Imperial Age
41:32 Fletching
jimmyjedi
3:30 Double-Bit Axe
6:05 Loom
9:11 Feudal Age
10:34 Bow Saw
10:04 Horse Collar
15:17 Gold Mining
17:45 Wheelbarrow
21:11 Castle Age
19:29 Heavy Plow
20:14 Gold Shaft Mining
20:08 Scale Barding Armor
21:14 Cavalier
22:20 Husbandry
23:00 Chain Barding Armor
26:42 Forging
28:18 Crop Rotation
29:16 Hand Cart
31:33 Iron Casting
35:28 Imperial Age
32:52 Stone Mining
33:01 Town Watch
34:13 Stone Shaft Mining
34:48 Two-Man Saw
34:19 Fletching
36:52 Plate Barding Armor
38:19 Chemistry
36:43 Paladin
38:04 Conscription
39:54 Blast Furnace
[PSCH] R!ce
7:11 Loom
9:30 Feudal Age
16:31 Fletching
17:54 Double-Bit Axe
20:16 Wheelbarrow
22:58 Castle Age
21:41 Scale Barding Armor
22:39 Bloodlines
24:17 Chain Barding Armor
24:20 Forging
26:37 Iron Casting
38:25 Bow Saw
42:19 Imperial Age
40:51 Husbandry
[PSCH] Girithron
5:57 Loom
8:57 Feudal Age
9:28 Double-Bit Axe
16:47 Scale Barding Armor
22:03 Castle Age
21:36 Forging
22:17 Light Cavalry
22:58 Gold Mining
25:08 Bow Saw
26:44 Chain Barding Armor
27:11 Husbandry
30:34 Wheelbarrow
34:31 Fletching
35:12 Bodkin Arrow
41:11 Imperial Age
39:50 Scale Mail Armor
40:25 Iron Casting
40:57 Hand Cart
40:04 Man-at-Arms
Connection lost

Rejoining the realm…

Still unreachable

The connection could not be restored.

Session expired

The server has moved on; the page needs a fresh start.